 Dungeon Crawl Stone Soup version 0.28-a0-1616-g050a50673c (webtiles) character file.

Game seed: 9887901909728111376

961 fragbeetle the Chiller (level 8, -13/59 HPs)
             Began as a Merfolk Ice Elementalist on Jan 22, 2022.
             Mangled by a two-headed ogre (19 damage)
             ... on level 6 of the Dungeon.
             The game lasted 00:15:09 (6805 turns).

fragbeetle the Chiller (Merfolk Ice Elementalist)   Turns: 6805, Time: 00:15:09

Health: -13/59     AC: 11    Str: 12    XL:     8   Next: 15%
Magic:  6/11       EV: 14    Int: 15    God:
Gold:   195        SH:  0    Dex: 16    Spells: 0/11 levels left

rFire   . . .      SeeInvis .   t - +0 spear
rCold   . . .      Faith    .   (no shield)
rNeg    . . .      Spirit   .   a - +0 robe
rPois   .          Reflect  .   (no helmet)
rElec   .          Harm     .   (no cloak)
rCorr   .          Rampage  .   h - +0 pair of gloves
Will    .....                   (no boots)
Stlth   +++.......              (no amulet)
HPRegen 0.19/turn               b - ring of wizardry
MPRegen 0.12/turn               (no ring)

@: ice-armoured
A: (nimble swimmer 2), mertail, iridescent scales 1, agile 1, strong 1
a: no special abilities


You were on level 6 of the Dungeon.
You visited 1 branch of the dungeon, and saw 6 of its levels.

You collected 195 gold pieces.

Inventory:

Hand Weapons
 d - a +0 whip
 t - a +0 spear (weapon)
Missiles
 o - 2 silver boomerangs
 w - 8 boomerangs (quivered)
Armour
 a - a +0 robe (worn)
 h - a +0 pair of gloves (worn)
 k - a +0 leather armour
Jewellery
 b - a ring of wizardry (left hand)
 l - a +6 ring of strength
 s - a ring of protection from fire
 u - a ring of see invisible
Scrolls
 c - a scroll of vulnerability {unknown}
 e - 2 scrolls of noise {unknown}
 f - a scroll of fog {unknown}
 g - a scroll of immolation {unknown}
 i - a scroll of brand weapon {unknown}
 j - a scroll of identify {unknown}
 m - 2 scrolls of enchant armour {unknown}
 p - a scroll of enchant weapon {unknown}
 q - 3 scrolls of teleportation {unknown}
 v - 3 scrolls of amnesia {unknown}
Potions
 n - a potion of mutation
 r - a potion of heal wounds {unknown}
 x - a potion of haste {unknown}


   Skills:
 + Level 3.6 Fighting
 * Level 4.7 Polearms
 + Level 2.0 Throwing
 + Level 5.3 Dodging
 + Level 4.6 Stealth
 - Level 2.0 Spellcasting
 + Level 0.4 Summonings
 * Level 7.1 Ice Magic


You couldn't memorise any spells.
You knew the following spells:

 Your Spells              Type           Power      Damage    Failure   Level
a - Freeze                Ice            88%        1d10      1%          1
b - Frozen Ramparts       Ice            44%        1d6       1%          3
c - Ozocubu's Armour      Ice            22%        N/A       1%          3
d - Summon Ice Beast      Ice/Summ       12%        N/A       19%         4

Your spell library contained the following spells:

 Spells                   Type           Power      Damage    Failure   Level
 Hailstorm                Conj/Ice       12%        3d5       21%         4
 Ice Form                 Ice/Tmut       12%        N/A       21%         4
 Inner Flame              Hex/Fire       1%         N/A       26%         3
 Cause Fear               Hex            0%         N/A       61%         4
 Discord                  Hex            0%         N/A       100%        8


Dungeon Overview and Level Annotations

Branches:
Dungeon (6/15)
 Temple: D:4-7

Altars:
Elyvilon
Fedhas
Hepliaklqana
Makhleb
Nemelex Xobeh
Sif Muna
Vehumet
Zin
The Shining One

Shops:
D:4 (

Annotations:
D:3 2 transporters, Shayle's ghost, amateur DjWr
D:4 1 runed translucent door, Grinder; Pin's ghost, amateur HOFi
D:6 dig


Innate Abilities, Weirdness & Mutations

((You are very nimble when in or above water. (Stealth+, EV+, Speed+++)))
Your lower body shifts to a powerful aquatic tail in water.
You are partially covered in iridescent scales. (AC +2)
You are agile. (Dex +2)
Your muscles are strong. (Str +2)


Message History

The two-headed ogre is lightly wounded.
You hit the two-headed ogre.
The two-headed ogre is moderately wounded.
The wall freezes the two-headed ogre.
The two-headed ogre hits you with a +0 giant spiked club!
The two-headed ogre misses you.
You barely miss the two-headed ogre.
The two-headed ogre is moderately wounded.
The wall freezes the two-headed ogre.
The two-headed ogre barely misses you.
The two-headed ogre hits you with a +0 giant spiked club!!
You hit the two-headed ogre.
The two-headed ogre is moderately wounded.
You hit the two-headed ogre but do no damage.
The two-headed ogre is moderately wounded.
The wall freezes the two-headed ogre.
The two-headed ogre hits you with a +0 giant spiked club!
* * * LOW HITPOINT WARNING * * *
The two-headed ogre barely misses you.
An orc warrior comes into view. It is wielding a +0 trident.
The orc warrior shouts!
You hit the two-headed ogre.
The two-headed ogre is heavily wounded.
The frozen ramparts melt away.
You hear a shout!
The two-headed ogre hits you with a +0 giant spiked club.
* * * LOW HITPOINT WARNING * * *
The two-headed ogre barely misses you.
You hit the two-headed ogre.
The two-headed ogre is heavily wounded.
Unknown command.
You hit the two-headed ogre.
The two-headed ogre is heavily wounded.
The two-headed ogre barely misses you. x2
Unknown command.
It was a potion of mutation.
You feel extremely strange.
Iridescent scales grow over part of your body.
You feel agile.
You feel stronger. The two-headed ogre misses you.
The two-headed ogre hits you with a +0 giant spiked club!!
You die...

#...........#.###
#....>...........o #
#..........#...#.(
#.#..........##......
#.#..........# ......
#..###.....### .....
#####.o#..#####
..h... .......O.##
..S #####.@## ##.#
#># ###


You could see a two-headed ogre and an orc warrior.

Vanquished Creatures
  2 necrophages
  3 ogres (D:5)
  A wyvern zombie (D:5)
  A scorpion (D:4)
  A howler monkey (D:5)
  A bullfrog skeleton (D:4)
  A centaur skeleton (D:5)
  2 hounds
  Jessica (D:3)
  Natasha (thrice) (D:4)
  A howler monkey zombie (D:5)
  5 adders
  A shadow imp (D:5)
  2 dart slugs
  9 orcs
  3 bats
  8 endoplasms
  6 giant cockroaches
  4 goblins
  12 hobgoblins
  4 jackals
  6 quokkas
  6 ball pythons
  2 frilled lizards
  4 kobolds
  4 rats
  A butterfly (D:6)
94 creatures vanquished.

Notes
Turn   | Place    | Note
-------+----------+-------------------------------------------
     0 | D:1      | fragbeetle the Merfolk Ice Elementalist began the quest for
                  | the Orb.
     0 | D:1      | Reached XP level 1. HP: 13/13 MP: 3/3
   162 | D:1      | Reached XP level 2. HP: 19/20 MP: 0/5
   940 | D:1      | Reached skill level 1 in Fighting
  1623 | D:2      | Reached XP level 3. HP: 22/26 MP: 1/6
  1769 | D:2      | Found a faded altar of an unknown god.
  1876 | D:2      | Reached skill level 5 in Ice Magic
  1876 | D:2      | Reached XP level 4. HP: 29/32 MP: 3/7
  1880 | D:2      | Learned a level 3 spell: Frozen Ramparts
  1884 | D:2      | Learned a level 3 spell: Ozocubu's Armour
  2543 | D:3      | Found a white marble altar of Elyvilon.
  2553 | D:3      | Found a blossoming altar of Fedhas.
  2579 | D:3      | Found a sparkling altar of Nemelex Xobeh.
  2713 | D:3      | Noticed an ice beast
  2787 | D:4      | Noticed Natasha
  2797 | D:4      | Killed Natasha
  2798 | D:4      | Reached XP level 5. HP: 36/38 MP: 2/8
  2806 | D:4      | Noticed Natasha
  2827 | D:4      | Killed Natasha
  3116 | D:4      | Found a runed translucent door.
  3116 | D:4      | Noticed Pin's ghost (amateur HOFi)
  3134 | D:4      | Noticed Natasha
  3143 | D:4      | Killed Natasha
  3220 | D:3      | Found a glowing golden altar of the Shining One.
  3220 | D:3      | Noticed Jessica
  3233 | D:3      | Killed Jessica
  3327 | D:3      | Reached XP level 6. HP: 43/46 MP: 9/9
  3433 | D:3      | Reached skill level 6 in Ice Magic
  3563 | D:3      | Found a transporter.
  3950 | D:3      | Noticed Shayle's ghost (amateur DjWr)
  3953 | D:3      | Found a transporter.
  4286 | D:4      | Reached skill level 1 in Polearms
  4464 | D:4      | Found Hajezikk's Antique Weapon Emporium.
  4766 | D:4      | Found a burning altar of Makhleb.
  4802 | D:4      | Noticed Grinder
  5156 | D:5      | Entered Level 5 of the Dungeon
  5182 | D:5      | Reached skill level 1 in Throwing
  5182 | D:5      | Reached XP level 7. HP: 34/51 MP: 3/10
  5578 | D:5      | Reached skill level 5 in Dodging
  6139 | D:5      | Reached skill level 7 in Ice Magic
  6139 | D:5      | Reached XP level 8. HP: 21/58 MP: 7/11
  6336 | D:5      | Learned a level 4 spell: Summon Ice Beast
  6396 | D:5      | Found a radiant altar of Vehumet.
  6396 | D:5      | Found a faded altar of an unknown god.
  6404 | D:5      | Found a faded altar of an unknown god.
  6406 | D:5      | Found a hazy altar of Hepliaklqana.
  6407 | D:5      | Found a shimmering blue altar of Sif Muna.
  6553 | D:6      | Found a glowing silver altar of Zin.
  6787 | D:6      | Noticed a two-headed ogre
  6805 | D:6      | Gained mutation: You are partially covered in iridescent
                  | scales. (AC +2) [potion of mutation]
  6805 | D:6      | Gained mutation: You are agile. (Dex +2) [potion of
                  | mutation]
  6805 | D:6      | Gained mutation: Your muscles are strong. (Str +2) [potion
                  | of mutation]
  6805 | D:6      | Mangled by a two-headed ogre

Illustrated notes

Levels and vault maps discovered:
D:1:      minmay_arrival_four_loops, layout_basic, serial_corexii_hall,
          chequers_hall_statues_wall_a, corexii_hall_statues_i,
          corexii_hall_statues_i, corexii_hall_statues_i, serial_park_tiny_2,
          grunt_decor_cap, serial_bayou_crossing
D:2:      layout_rooms, hellmonk_ecumenical_altar_dog_temple,
          kennysheep_generic_room_10
D:3:      layout_rooms, lemuel_round_altar, minmay_overflow_temple_star_quad,
          gammafunk_ghost_arena, uniq_jessica
D:4:      layout_basic, mainiacjoe_overflow_alcove_4,
          hellmonk_ghost_happy_afterlife, serial_shops, shop,
          serial_corexii_hall, corexii_hall_statues_i, corexii_hall_statues_i,
          corexii_hall_statues_s, corexii_hall_statues_s, uniq_natasha,
          uniq_grinder
D:5:      layout_rooms, chequers_temple_overflow_minitemple,
          kennysheep_generic_room_8
D:6:      layout_rooms, old_standard_altar, zin_scriptorium,
          minmay_temple_entry_butterflies, ebering_dispersal_statue_hall,
          uniq_prince_ribbit1

Skill      XL: |  1  2  3  4  5  6  7  8 |
---------------+-------------------------+-----
Dodging        | 3 4 5 |  5.3
Fighting       | 1 2 3 |  3.6
Stealth        | 3 4 |  4.6
Ice Magic      | 5 6 7 |  7.1
Polearms       | 2 4 |  4.7
Throwing       | 1 2 |  2.0
Spellcasting   | |  2.0
Summonings     | |  0.4

Action                   |  1- 3 |  4- 6 |  7- 9 || total
-------------------------+-------+-------+-------++-------
Melee: Unarmed           |    12 |       |       ||    12
       Whip              |    31 |   106 |       ||   137
       Punch             |     2 |     1 |     2 ||     5
       Spear             |       |    99 |   157 ||   256
Throw: Boomerang         |       |     3 |     2 ||     5
 Cast: Freeze            |    31 |    30 |       ||    61
       Frozen Ramparts   |       |     9 |    12 ||    21
       Ozocubu's Armour  |       |     5 |    10 ||    15
  Use: Potion            |       |     2 |     1 ||     3
 Stab: Sleeping          |     4 |     4 |     1 ||     9
Armor: Robe              |     4 |    35 |    28 ||    67
Dodge: Dodged            |    48 |   158 |    95 ||   301

Table legend: (Time is in decaauts)
 A = Elapsed time spent in this place.
 B = Non-inter-level travel time spent in this place.
 C = Inter-level travel time spent in this place.
 D = Time resting spent in this place.
 E = Time spent auto-exploring this place.
 F = Levels seen in this place.
 G = Mean time per level.
                   A        B        C        D        E       F      G
               +--------+--------+--------+--------+--------+-----+--------+
         Total |   6809 |   6713 |     96 |   2171 |   2977 |   6 | 1134.8 |
       Dungeon |   6809 |   6713 |     96 |   2171 |   2977 |   6 | 1134.8 |
               +--------+--------+--------+--------+--------+-----+--------+

Top non-repeatable levels by time:
     D:4: 1762 daAuts
     D:1: 1613 daAuts
     D:5: 1290 daAuts
     D:3: 1134 daAuts
     D:2: 902 daAuts
     D:6: 105 daAuts
